| TOP OF THE 1ST |
|
Durham Bulls batting - Pitching for Fresno Grizzlies : RHP Juan Estrada
|
|
Pitching: RHP Juan Estrada
|
|
|
Batting: LHB Darryl Gonnella
|
0-0: Called Strike 0-1: Called Strike 0-2: Fly out, F5 (Popup, 6S, EV 82.5 MPH)
|
|
Batting: LHB Eric Toney
|
0-0: Ball 1-0: Ball 2-0: Ball 3-0: Called Strike 3-1: DOUBLE (Line Drive, 9LD, EV 99.4 MPH)
|
|
Batting: RHB Alex Diaz
|
0-0: Ball 1-0: Ball 2-0: Called Strike 2-1: Foul Ball, location: 2F 2-2: Foul Ball, location: 2F 2-2: Foul Ball, location: 2F 2-2: Foul Ball, location: 2F 2-2: Ball 3-2: Foul Ball, location: 2F 3-2: Foul Ball, location: 2F 3-2: Ground out 6-3 (Groundball, 6, EV 96.2 MPH)
|
|
Batting: RHB David Ward
|
0-0: Ball 1-0: Ball 2-0: Ball 3-0: Foul Ball, location: 2F 3-1: Foul Ball, location: 2F 3-2: Foul Ball, location: 2F 3-2: Foul Ball, location: 2F 3-2: Strikes out swinging
|
| Top of the 1st over - 0 runs, 1 hit, 0 errors, 1 left on base; Durham 0 - Fresno 0 |
| BOTTOM OF THE 1ST |
|
Fresno Grizzlies batting - Pitching for Durham Bulls : RHP Eric Smith
|
|
Pitching: RHP Eric Smith
|
|
|
Batting: RHB Jesse Scott
|
0-0: Ball 1-0: DOUBLE (Line Drive, 7LM, EV 104.4 MPH)
|
|
Batting: LHB Chris Cabrera
|
0-0: Foul Ball, location: 2F 0-1: SINGLE (Line Drive, 78M, EV 88.1 MPH) Jesse Scott to third
|
|
Batting: RHB Bruce Bermudez
|
0-0: Called Strike 0-1: Called Strike 0-2: Foul Ball, location: 2F 0-2: Ball 1-2: Ball 2-2: Strikes out looking
|
|
Batting: RHB Ramon Castellon
|
0-0: Ball 1-0: Ball 2-0: Called Strike 2-1: Fly out, F7 (Flyball, 7S, EV 85.0 MPH) Runner from 3rd tags up, SCORES, throw by LF
|
|
Batting: LHB Danny Wolver
|
0-0: Swinging Strike 0-1: Called Strike 0-2: Ball 1-2: Ball 2-2: Foul Ball, location: 2F 2-2: Strikes out swinging
|
| Bottom of the 1st over - 1 run, 2 hits, 0 errors, 1 left on base; Durham 0 - Fresno 1 |
| TOP OF THE 2ND |
|
Durham Bulls batting - Pitching for Fresno Grizzlies : RHP Juan Estrada
|
|
Batting: LHB Davion Lewis
|
0-0: Ball 1-0: Ball 2-0: Foul Ball, location: 2F 2-1: Ground out U3 (Groundball, 3L, EV 78.8 MPH)
|
|
Batting: RHB Kevin Benfield
|
0-0: Ball 1-0: Ball 2-0: Foul Ball, location: 2F 2-1: Ball 3-1: Called Strike 3-2: Fly out, F7 (Flyball, 7, EV 93.1 MPH)
|
|
Batting: LHB Helmut Steggall
|
0-0: Ball 1-0: Called Strike 1-1: Called Strike 1-2: Strikes out swinging
|
| Top of the 2nd over - 0 runs, 0 hits, 0 errors, 0 left on base; Durham 0 - Fresno 1 |
| BOTTOM OF THE 2ND |
|
Fresno Grizzlies batting - Pitching for Durham Bulls : RHP Eric Smith
|
|
Batting: LHB Bob Govella
|
0-0: Ball 1-0: Ground out 6-3 (Groundball, 6, EV 89.4 MPH)
|
|
Batting: LHB Mark Dearth
|
0-0: Ball 1-0: Foul Ball, location: 2F 1-1: Ball 2-1: Swinging Strike 2-2: Ball 3-2: Foul Ball, location: 2F 3-2: Foul Ball, location: 2F 3-2: Foul Ball, location: 2F 3-2: Foul Ball, location: 2F 3-2: Hit by Pitch
|
|
Batting: RHB Masaru Konno
|
0-0: Swinging Strike Mark Dearth is caught stealing 2nd base 2-4 0-1: Foul Ball, location: 2F 0-2: Ball 1-2: Ball 2-2: Foul Ball, location: 2F 2-2: Strikes out swinging
|
| Bottom of the 2nd over - 0 runs, 0 hits, 0 errors, 0 left on base; Durham 0 - Fresno 1 |
| TOP OF THE 3RD |
|
Durham Bulls batting - Pitching for Fresno Grizzlies : RHP Juan Estrada
|
|
Batting: RHB Roberto Aispuro
|
0-0: Foul Ball, location: 2F 0-1: Ball 1-1: Ball 2-1: Ground out 6-3 (Groundball, 6, EV 95.0 MPH)
|
|
Batting: LHB Danny Hull
|
0-0: Swinging Strike 0-1: Foul Ball, location: 2F 0-2: Strikes out looking
|
|
Batting: LHB Darryl Gonnella
|
0-0: Called Strike 0-1: Ball 1-1: SINGLE (Groundball, 56D, EV 103.8 MPH)
|
|
Batting: LHB Eric Toney
|
0-0: Foul Ball, location: 2F 0-1: Ball Darryl Gonnella steals 2nd base 1-1: Fly out, F8 (Flyball, 78M, EV 90.0 MPH)
|
| Top of the 3rd over - 0 runs, 1 hit, 0 errors, 1 left on base; Durham 0 - Fresno 1 |
| BOTTOM OF THE 3RD |
|
Fresno Grizzlies batting - Pitching for Durham Bulls : RHP Eric Smith
|
|
Batting: RHB Cameron Rattenbury
|
0-0: Ball 1-0: Swinging Strike 1-1: Foul Ball, location: 2F 1-2: Strikes out swinging
|
|
Batting: RHB Jesse Scott
|
0-0: Ball 1-0: Ball 2-0: Fly out, F7 (Flyball, 7LD, EV 90.0 MPH)
|
|
Batting: LHB Chris Cabrera
|
0-0: Ball 1-0: Ball 2-0: Swinging Strike 2-1: Ball 3-1: Foul Ball, location: 2F 3-2: Fly out, F8 (Flyball, 8LM, EV 90.6 MPH)
|
| Bottom of the 3rd over - 0 runs, 0 hits, 0 errors, 0 left on base; Durham 0 - Fresno 1 |
| TOP OF THE 4TH |
|
Durham Bulls batting - Pitching for Fresno Grizzlies : RHP Juan Estrada
|
|
Batting: RHB Alex Diaz
|
0-0: Swinging Strike 0-1: Ball 1-1: Ball 2-1: Ball 3-1: Called Strike 3-2: Fly out, F7 (Flyball, 78M, EV 98.8 MPH)
|
|
Batting: RHB David Ward
|
0-0: Called Strike 0-1: Swinging Strike 0-2: Strikes out swinging
|
|
Batting: LHB Davion Lewis
|
0-0: Ground out 6-3 (Groundball, 6, EV 93.1 MPH)
|
| Top of the 4th over - 0 runs, 0 hits, 0 errors, 0 left on base; Durham 0 - Fresno 1 |
| BOTTOM OF THE 4TH |
|
Fresno Grizzlies batting - Pitching for Durham Bulls : RHP Eric Smith
|
|
Batting: RHB Bruce Bermudez
|
0-0: Ball 1-0: Fly out, F8 (Line Drive, 8LD, EV 95.6 MPH)
|
|
Batting: RHB Ramon Castellon
|
0-0: Called Strike 0-1: Swinging Strike 0-2: Strikes out swinging
|
|
Batting: LHB Danny Wolver
|
0-0: Ball 1-0: Called Strike 1-1: Swinging Strike 1-2: Ground out 4-3 (Groundball, 4, EV 83.1 MPH)
|
| Bottom of the 4th over - 0 runs, 0 hits, 0 errors, 0 left on base; Durham 0 - Fresno 1 |
| TOP OF THE 5TH |
|
Durham Bulls batting - Pitching for Fresno Grizzlies : RHP Juan Estrada
|
|
Batting: RHB Kevin Benfield
|
0-0: Ball 1-0: Ball 2-0: Ball 3-0: Base on Balls
|
|
Batting: LHB Helmut Steggall
|
0-0: Called Strike 0-1: SINGLE (Flyball, 4MD, EV 90.6 MPH) Kevin Benfield to second
|
|
Batting: RHB Roberto Aispuro
|
0-0: Called Strike 0-1: Ball 1-1: Called Strike 1-2: Fielders Choice at 2nd, 5-4 (Groundball, 56, EV 76.2 MPH) Kevin Benfield to third
|
|
Batting: LHB Danny Hull
|
0-0: Fielders Choice at 2nd, 4-6 (Groundball, 4, EV 98.8 MPH) Kevin Benfield scores
|
|
Batting: LHB Darryl Gonnella
|
0-0: Ball Danny Hull steals 2nd base (no throw) 1-0: Ball 2-0: Ball 3-0: Called Strike 3-1: Base on Balls
|
|
Batting: LHB Eric Toney
|
0-0: Ball 1-0: Swinging Strike 1-1: Called Strike 1-2: Strikes out looking
|
| Top of the 5th over - 1 run, 1 hit, 0 errors, 2 left on base; Durham 1 - Fresno 1 |
| BOTTOM OF THE 5TH |
|
Fresno Grizzlies batting - Pitching for Durham Bulls : RHP Eric Smith
|
|
Batting: LHB Bob Govella
|
0-0: Called Strike 0-1: Foul Ball, location: 2F 0-2: Ground out U3 (Groundball, 3S, EV 84.4 MPH)
|
|
Batting: LHB Mark Dearth
|
0-0: Foul Ball, location: 2F 0-1: Called Strike 0-2: Ball 1-2: Foul Ball, location: 2F 1-2: Ball 2-2: Ball 3-2: Foul Ball, location: 2F 3-2: Base on Balls
|
|
Batting: RHB Masaru Konno
|
0-0: Ball 1-0: Called Strike 1-1: Foul Ball, location: 2F 1-2: Strikes out swinging
|
|
Pitching: LHP Frank Rodriguez
|
|
|
Batting: RHB Cameron Rattenbury
|
0-0: Ball 1-0: Foul Ball, location: 2F 1-1: Ball 2-1: Called Strike 2-2: Ball 3-2: Fly out, F8 (Flyball, 8RD, EV 106.2 MPH)
|
| Bottom of the 5th over - 0 runs, 0 hits, 0 errors, 1 left on base; Durham 1 - Fresno 1 |
| TOP OF THE 6TH |
|
Durham Bulls batting - Pitching for Fresno Grizzlies : RHP Juan Estrada
|
|
Pitching: RHP Alex Salinas
|
|
|
Batting: RHB Alex Diaz
|
0-0: Called Strike 0-1: Swinging Strike 0-2: Strikes out swinging
|
|
Batting: RHB David Ward
|
0-0: Hit by Pitch
|
|
Batting: LHB Davion Lewis
|
0-0: Called Strike 0-1: Ball 1-1: Swinging Strike 1-2: Ball 2-2: Strikes out swinging
|
|
Batting: RHB Kevin Benfield
|
0-0: Called Strike 0-1: Ball 1-1: Foul Ball, location: 2F 1-2: Strikes out swinging
|
| Top of the 6th over - 0 runs, 0 hits, 0 errors, 1 left on base; Durham 1 - Fresno 1 |
| BOTTOM OF THE 6TH |
|
Fresno Grizzlies batting - Pitching for Durham Bulls : LHP Frank Rodriguez
|
|
Batting: RHB Jesse Scott
|
0-0: Called Strike 0-1: Ball 1-1: Foul Ball, location: 2F 1-2: Ground out 6-3 (Groundball, 6, EV 94.4 MPH)
|
|
Batting: LHB Chris Cabrera
|
0-0: Called Strike 0-1: Ball 1-1: Ball 2-1: SINGLE (Groundball, 6MD, EV 104.4 MPH)
|
|
Batting: RHB Bruce Bermudez
|
0-0: Ball 1-0: Ball 2-0: Foul Ball, location: 2F 2-1: Fielders Choice at 2nd, 5-4 (Groundball, 56S, EV 95.0 MPH)
|
|
Batting: RHB Ramon Castellon
|
0-0: Called Strike Bruce Bermudez is caught stealing 2nd base 2-4
|
| Bottom of the 6th over - 0 runs, 1 hit, 0 errors, 0 left on base; Durham 1 - Fresno 1 |
| TOP OF THE 7TH |
|
Durham Bulls batting - Pitching for Fresno Grizzlies : RHP Alex Salinas
|
|
Pitching: RHP Bill Couch
|
|
|
Batting: LHB Helmut Steggall
|
0-0: Ball 1-0: Foul Ball, location: 2F 1-1: Called Strike 1-2: Foul Ball, location: 2F 1-2: Ground out 6-3 (Groundball, 4M, EV 84.4 MPH)
|
|
Batting: RHB Roberto Aispuro
|
0-0: Called Strike 0-1: Ball 1-1: Ground out 4-3 (Groundball, 4M, EV 85.0 MPH)
|
|
Batting: LHB Danny Hull
|
0-0: Called Strike 0-1: Called Strike 0-2: Ball 1-2: Strikes out looking
|
| Top of the 7th over - 0 runs, 0 hits, 0 errors, 0 left on base; Durham 1 - Fresno 1 |
| BOTTOM OF THE 7TH |
|
Fresno Grizzlies batting - Pitching for Durham Bulls : LHP Frank Rodriguez
|
|
Pitching: RHP Al Speer
|
|
|
Batting: RHB Ramon Castellon
|
0-0: Called Strike 0-1: Ball 1-1: Called Strike 1-2: Fly out, F7 (Flyball, 7LD, EV 86.2 MPH)
|
|
Batting: LHB Danny Wolver
|
0-0: Foul Ball, location: 2F 0-1: Foul Ball, location: 2F 0-2: Strikes out swinging
|
|
Batting: LHB Bob Govella
|
0-0: Ball 1-0: Swinging Strike 1-1: Swinging Strike 1-2: Strikes out swinging
|
| Bottom of the 7th over - 0 runs, 0 hits, 0 errors, 0 left on base; Durham 1 - Fresno 1 |
| TOP OF THE 8TH |
|
Durham Bulls batting - Pitching for Fresno Grizzlies : RHP Bill Couch
|
|
Batting: LHB Darryl Gonnella
|
0-0: Swinging Strike 0-1: Foul Ball, location: 2F 0-2: Foul Ball, location: 2F 0-2: Ball 1-2: Strikes out swinging
|
|
Batting: LHB Eric Toney
|
0-0: Called Strike 0-1: Called Strike 0-2: Ball 1-2: Ball 2-2: Ground out 4-3 (Groundball, 4, EV 103.1 MPH)
|
|
Batting: RHB Alex Diaz
|
0-0: Called Strike 0-1: Ball 1-1: SINGLE (Groundball, 56D, EV 105.6 MPH)
|
|
Batting: RHB David Ward
|
0-0: Ball 1-0: Foul Ball, location: 2F 1-1: Ball 2-1: Ball 3-1: Called Strike 3-2: Strikes out swinging
|
| Top of the 8th over - 0 runs, 1 hit, 0 errors, 1 left on base; Durham 1 - Fresno 1 |
| BOTTOM OF THE 8TH |
|
Fresno Grizzlies batting - Pitching for Durham Bulls : RHP Al Speer
|
|
Batting: LHB Mark Dearth
|
0-0: Ball 1-0: Ball 2-0: Called Strike 2-1: Foul Ball, location: 2F 2-2: SINGLE (Groundball, 34D, EV 101.2 MPH)
|
|
Batting: RHB Masaru Konno
|
0-0: Ball 1-0: Ball Passed Ball! Mark Dearth to second 2-0: Ball 3-0: Base on Balls
|
|
Batting: RHB Cameron Rattenbury
|
0-0: Called Strike 0-1: Fielders Choice at 2nd, 6-4 (Groundball, 6, EV 90.6 MPH) Mark Dearth to third
|
|
Batting: RHB Jesse Scott
|
0-0: Foul Ball, location: 2F 0-1: Ball Wild Pitch! Mark Dearth scores Cameron Rattenbury to second 1-1: Foul Ball, location: 2F 1-2: Ball 2-2: Ball 3-2: Foul Ball, location: 2F 3-2: Fly out, F9 (Flyball, 9LMF, EV 88.8 MPH)
|
|
Batting: LHB Chris Cabrera
|
0-0: Ground out 4-3 (Groundball, 4M, EV 101.2 MPH)
|
| Bottom of the 8th over - 1 run, 1 hit, 0 errors, 1 left on base; Durham 1 - Fresno 2 |
| TOP OF THE 9TH |
|
Durham Bulls batting - Pitching for Fresno Grizzlies : RHP Bill Couch
|
|
Pitching: RHP Bobby Leija
|
|
|
Batting: LHB Davion Lewis
|
0-0: Ball 1-0: Fly out, F7 (Flyball, 7D, EV 106.2 MPH)
|
|
Batting: RHB Kevin Benfield
|
0-0: Called Strike 0-1: Ball 1-1: Foul Ball, location: 2F 1-2: Ball 2-2: Ball 3-2: Foul Ball, location: 2F 3-2: Foul Ball, location: 2F 3-2: Strikes out swinging
|
|
Batting: LHB Helmut Steggall
|
0-0: Ball 1-0: Foul Ball, location: 2F 1-1: Swinging Strike 1-2: Strikes out looking
|
| Top of the 9th over - 0 runs, 0 hits, 0 errors, 0 left on base; Durham 1 - Fresno 2 |
|